 Dungeon Crawl Stone Soup version 0.23-a0-625-g1d2cd9b (console) character file.

53 bli the Skirmisher (level 3, -5/35 HPs)
             Began as a Demonspawn Wanderer on Dec 24, 2018.
             Slain by Natasha (7 damage)
             ... on level 2 of the Dungeon.
             The game lasted 00:03:43 (902 turns).

bli the Skirmisher (Demonspawn Wanderer)             Turns: 902, Time: 00:03:43

Health: -5/35      AC:  3    Str: 13    XL:     3   Next: 64%
Magic:  3/3        EV:  9    Int: 12    God:
Gold:   134        SH:  0    Dex: 13    Spells: 2/2 levels left

rFire    . . .     SeeInvis .   e - +2 short sword (speed)
rCold    . . .     Gourm    .   (no shield)
rNeg     . . .     Faith    .   n - +0 leather armour
rPois    .         Spirit   .   (no helmet)
rElec    .         Reflect  .   (no cloak)
rCorr    .         Harm     .   (no gloves)
MR       .....                  (no boots)
Stlth    +.........             (no amulet)
HPRegen  0.11/turn              i - -3 ring of evasion (curse)
MPRegen  0.08/turn              (no ring)

@: slowed, very slow
A: demonic guardian 1
a: no special abilities


You were on level 2 of the Dungeon.
You were not hungry.

You visited 1 branch of the dungeon, and saw 2 of its levels.

You collected 134 gold pieces.

Inventory:

Hand Weapons
 a - a +2 spear
 e - a +2 short sword of speed (weapon)
Missiles
 h - 30 sling bullets
Armour
 b - a +0 ring mail
 n - a +0 leather armour (worn)
Jewellery
 i - a cursed -3 ring of evasion (left hand)
Scrolls
 c - 4 scrolls of teleportation
 g - a scroll of identify
 k - a scroll of magic mapping {unknown}
 l - a scroll of immolation {unknown}
 p - 3 scrolls of random uselessness {unknown}
Potions
 f - a potion of degeneration {unknown}
 j - a potion of flight
 m - a potion of curing {unknown}
Comestibles
 d - a ration
 o - 3 chunks of flesh


   Skills:
 + Level 6.5 Fighting
 * Level 2.0 Short Blades
 - Level 1.0 Throwing
 + Level 0.1 Armour
 + Level 1.7 Dodging
   Level 1.0 Shields


You had 2 spell levels left.
You didn't know any spells.
Your spell library was empty.

Dungeon Overview and Level Annotations

Branches:
Dungeon (2/15)

Altars:

Annotations:
D:2 Natasha


Innate Abilities, Weirdness & Mutations

A weak demonic guardian rushes to your aid.


Message History

Natasha wildly gestures.
Natasha's front paws start to glow.
The crimson imp blinks!
You barely miss Natasha. Natasha completely misses you.
Something hits your iron imp but does no damage.
You closely miss Natasha.
The crimson imp blinks!
You closely miss Natasha.
Natasha stares at you and mumbles some strange words.
You feel yourself slow down.
Your iron imp closely misses Natasha.
You miss Natasha. Natasha barely misses you.
The hobgoblin closely misses your iron imp.
You hit Natasha but do no damage.
Your iron imp hits Natasha.
Natasha casts a spell at you. The magic dart hits you!
* * * LOW HITPOINT WARNING * * *
The hobgoblin closely misses your iron imp.
You miss Natasha.
Natasha is lightly wounded.
Natasha claws you!
You die...

$#####..........####......
..........÷..g..<....#####
........†#######.#####
#####..## #.# #..# #.#
#######g.# #.# ........5#
#.# #######.## #.#
###...g#### #.#
.......55h[######.##
####.#####@........# #.
#.........#..###### #
#.#######.........# #
#.#..####.# #.#..####.###
#............
#....####.##. #.##.# #.##.
#######.##.# #.##.
...........# #÷##.
#.#.###.#..# #5##.


You could see Natasha, a crimson imp, a hobgoblin and a friendly iron imp.

Vanquished Creatures
  Robin (D:2)
  2 oozes (D:1)
  2 dart slugs (D:1)
  A giant cockroach (D:1)
  6 goblins
  4 hobgoblins
  A quokka (D:2)
  5 bats
  A frilled lizard (D:1)
  8 rats
31 creatures vanquished.

Vanquished Creatures (collateral kills)
  A goblin (D:2)
1 creature vanquished.

Grand Total: 32 creatures vanquished

Notes
Turn   | Place    | Note
-------+----------+-------------------------------------------
     0 | D:1      | bli the Demonspawn Wanderer began the quest for the Orb.
     0 | D:1      | bli set off with the following items: a +2 spear, a +0 ring
                  | mail, a scroll of teleportation, a ration
     0 | D:1      | Reached XP level 1. HP: 22/22 MP: 1/1
   185 | D:1      | Gained mutation: A weak demonic guardian rushes to your
                  | aid. [demonic ancestry]
   185 | D:1      | Reached XP level 2. HP: 26/28 MP: 2/2
   417 | D:1      | Reached skill level 1 in Short Blades
   652 | D:1      | Reached XP level 3. HP: 35/35 MP: 3/3
   792 | D:2      | Noticed Robin
   820 | D:2      | Killed Robin
   892 | D:2      | Noticed Natasha
   902 | D:2      | Slain by Natasha

Vault maps used:
D:1:      tarquinn_simple_flora_water_d
D:2:      fedhas_altar_2, uniq_robin, uniq_jessica, uniq_crazy_yiuf_cottage,
          uniq_natasha

Skill      XL: |  1  2  3 |
---------------+----------+-----
Short Blades   | 1 2 |  2.0
Fighting       | |  6.5
Throwing       | |  1.0
Armour         | |  0.1
Dodging        | |  1.7
Shields        | |  1.0

Action                   || total
-------------------------++-------
Melee: Short sword       ||    93
  Use: Scroll            ||     1
Armor: Ring mail         ||    21
       Leather armour    ||    11
Dodge: Dodged            ||    33

Table legend:
 A = Non-vault XP
 B = Vault XP
 C = Vault XP percentage of total XP
 D = Non-vault monster count
 E = Vault monster count
 F = Vault count percentage of total count
                 A         B        C        D         E       F
            +---------+---------+-------+---------+---------+-------
      Total |      47 |      30 |  39.0 |      23 |       9 |  28.1
            +---------+---------+-------+---------+---------+-------
        D:1 |      42 |       0 |   0.0 |      19 |       0 |   0.0
        D:2 |       5 |      30 |  85.7 |       4 |       9 |  69.2
            +---------+---------+-------+---------+---------+-------
